 Dungeon Crawl Stone Soup version bcrawl-1.19.1 (webtiles) character file.

Game seed: 13069740154258000905

67 Niddhogr the Stinger (level 4, 30/30 HPs)
             Began as a Demonspawn Venom Mage on Nov 30, 2019.
             Got out of the dungeon alive.
             The game lasted 00:05:22 (1849 turns).

Niddhogr the Stinger (Demonspawn Venom Mage)        Turns: 1849, Time: 00:05:23

Health: 30/30      AC:  3    Str:  8    XL:     4   Next: 0%
Magic:  7/7        EV: 12    Int: 18    God:
Gold:   121        SH:  0    Dex: 16    Spells: 4/7 levels left

rFire    . . .     SeeInvis .   p - +0 hand axe
rCold    . . .     Gourm    .   (no shield)
rNeg     . . .     Faith    .   a - +0 robe
rPois    .         Spirit   .   (no helmet)
rElec    .         Reflect  .   (no cloak)
rCorr    .         Harm     .   k - +0 pair of gloves
MR       .....                  (no boots)
Stlth    ++........             (no amulet)
HPRegen  0.10/turn              o - +3 ring of dexterity
MPRegen  0.10/turn              (no ring)

@: no status effects
A: powered by pain 1, rot immunity
a: no special abilities


You escaped.
You were not hungry.

You visited 1 branch of the dungeon, and saw 2 of its levels.

You collected 121 gold pieces.

Inventory:

Hand Weapons
 p - a +0 hand axe (weapon)
Missiles
 b - 45 curare-tipped needles
Armour
 a - a +0 robe (worn)
 k - a +0 pair of gloves (worn)
Jewellery
 o - a +3 ring of dexterity (left hand)
Scrolls
 g - a scroll of enchant armour {unknown}
 h - a scroll of remove curse {unknown}
 j - a scroll of identify {unknown}
 n - a scroll of teleportation {unknown}
Potions
 c - a potion of berserk rage {!q}
 d - a potion of degeneration {!q}
 e - 2 potions of curing {unknown}
 i - 2 potions of lignification {unknown}
 l - a potion of haste {unknown}
Comestibles
 f - 3 rations {!d}
 m - 4 chunks of flesh


   Skills:
 - Level 1.7 Dodging
 - Level 2.0 Stealth
 - Level 2.0 Spellcasting
 - Level 1.0 Conjurations
 + Level 4.9 Poison Magic


You had 4 spell levels left.
You knew the following spells:

 Your Spells              Type           Power        Failure   Level  Hunger
a - Sting                 Conj/Pois      ##..         5%          1    #......
b - Poisonous Vapours     Pois/Air       ##....       10%         2    ###....

Your spell library contained the following spells:

 Spells                   Type           Power        Failure   Level  Hunger
 Olgreb's Toxic Radiance  Pois           ###.....     24%         4    #####..
 Ignite Poison            Fire/Tmut/Pois #.......     28%         3    ###....
 Summon Scorpions         Summ/Pois      ##......     54%         4    #####..
 Venom Bolt               Conj/Pois      ##........   83%         5    ######.


Dungeon Overview and Level Annotations

Branches:
Dungeon (2/12)

Altars:


Innate Abilities, Weirdness & Mutations

You sometimes gain a little power by taking damage.
You are immune to rotting.


Message History

You feel clever.
Your demonic ancestry asserts itself...
You feel energised by your suffering.
You regained 5 hp, and now have 27/30 hp.
(D) Dungeon
Where to? (Enter - D:1 @ (x,y), ? - help)
What level of the Dungeon? (default 1, ? - help)
You open the door.
There is an open door here.
There is an open door here.
There is an open door here.
Eating one of 5 chunks of flesh.
You eat one of the 5 chunks of flesh.
There is a stone staircase leading up here.
You climb upwards.
There is a stone staircase leading down here.
Health restored: 30; MP restored: 7
There is a staircase leading out of the dungeon here.
Are you sure you want to leave the Dungeon?
This will make you lose the game!
Uppercase [Y]es or [N]o only, please.
Are you sure you want to leave the Dungeon?
This will make you lose the game!
You have escaped!

#....# #.##.## #....#
########.##..# #....#
##........###.##### ######
##..#..###.........#
######..#.#..#######.##.#
#......#...#..........#.#
#.#####.....#####..##.#.#
#..#...........#...##.#.#
##..#....@....#..####...#
##### ##..#.........#..##
##..# #...#
#..#...........#..# #..#
#...# #.#####.....#####.#
#..# #...#
#......#...#...)..# ##.##
#...## #...##..#.#..####.#
#..# .....#
##.####..#..####..#####..#
.....###..#
##..................
.....')..##
####..#############.


There were no monsters in sight!

Levels and vault maps discovered:
D:1:      scummos_arrival_star, layout_basic
D:2:      layout_basic, first_ration, uniq_robin, uniq_jessica

Notes
Turn   | Place    | Note
-------+----------+-------------------------------------------
     0 | D:1      | Niddhogr the Demonspawn Venom Mage began the quest for the
                  | Orb.
     0 | D:1      | Reached XP level 1. HP: 13/13 MP: 3/3
   132 | D:1      | Identified a +0 club
   134 | D:1      | Identified a cursed -2 club
   295 | D:1      | Gained mutation: You are immune to rotting. [demonic
                  | ancestry]
   295 | D:1      | Reached XP level 2. HP: 19/19 MP: 3/5
   340 | D:1      | Identified a +0 dagger
   359 | D:1      | Identified a +0 club
   483 | D:1      | Identified a cursed -2 club
   525 | D:1      | Identified a +0 dagger
   588 | D:1      | Identified a ring of dexterity (You found it on level 1 of
                  | the Dungeon)
   656 | D:1      | Reached skill level 4 in Poison Magic
   696 | D:1      | Identified a +0 club
   698 | D:1      | Identified a +0 club
   843 | D:1      | Learned a level 2 spell: Poisonous Vapours
  1296 | D:2      | Identified a +0 club
  1302 | D:2      | Reached XP level 3. HP: 24/24 MP: 2/6
  1458 | D:2      | Identified a +0 hand axe (You found it on level 2 of the
                  | Dungeon)
  1466 | D:2      | Identified a +0 pair of gloves (You found it on level 1 of
                  | the Dungeon)
  1617 | D:2      | Identified a +0 club
  1711 | D:2      | Identified a +0 club
  1711 | D:2      | Identified a +0 robe
  1711 | D:2      | Noticed Jessica
  1720 | D:2      | Killed Jessica
  1767 | D:2      | Identified a +0 short sword
  1767 | D:2      | Identified a +0 leather armour
  1770 | D:2      | Gained mutation: You sometimes gain a little power by
                  | taking damage. [demonic ancestry]
  1770 | D:2      | Reached XP level 4. HP: 27/30 MP: 5/7
  1849 | D:$      | Got out of the dungeon alive.

Table legend:
 A = Turns spent in this place as a percentage of turns spent in the entire game.
 B = Non-inter-level travel turns spent in this place as a percentage of non-inter-level travel turns spent in the entire game.
 C = Inter-level travel turns spent in this place as a percentage of turns spent in this place.
 D = Turns resting spent in this place as a percentage of non-inter-level travel turns spent in this place.
 E = Turns spent auto-exploring this place as a percentage of non-inter-level travel turns spent in this place.
 F = Non-inter-level travel turns spent in this place divided by the number of levels of this place that you've seen.
                   A       B       C       D       E      F
               +-------+-------+-------+-------+-------+----------------------
         Total | 100.0 | 100.0 |   9.6 |   0.1 |  81.9 | 835.5
       Dungeon | 100.0 | 100.0 |   9.6 |   0.1 |  81.9 | 835.5
               +-------+-------+-------+-------+-------+----------------------

Table legend:
 A = Kills in this place as a percentage of kills in entire the game.
 B = Kills by you in this place as a percentage of kills by you in the entire game.
 C = Kills by friends in this place as a percentage of kills by friends in the entire game.
 D = Other kills in this place as a percentage of other kills in the entire game.
 E = Experience gained in this place as a percentage of experience gained in the entire game.
 F = Experience gained in this place divided by the number of levels of this place that you have seen.
                   A       B       C       D       E      F
               +-------+-------+-------+-------+-------+----------------------
         Total | 100.0 | 100.0 |   N/A |   N/A | 100.0 |  48.5
       Dungeon | 100.0 | 100.0 |   N/A |   N/A | 100.0 |  48.5
               +-------+-------+-------+-------+-------+----------------------

Skill      XL: |  1  2 |
---------------+-------+-----
Poison Magic   | 4 |  4.9
Dodging        | |  1.7
Stealth        | |  2.0
Spellcasting   | |  2.0
Conjurations   | |  1.0

Action                   |  1- 3 |  4- 6 || total
-------------------------+-------+-------++-------
Melee: Unarmed           |    10 |       ||    10
       Club              |    19 |       ||    19
       Hand axe          |    21 |       ||    21
 Cast: Sting             |    36 |       ||    36
       Poisonous Vapours |     1 |       ||     1
 Stab: Sleeping          |     2 |       ||     2
  Eat: Chunk             |     3 |     1 ||     4
Armor: Robe              |    16 |       ||    16
Dodge: Dodged            |    45 |       ||    45

Vanquished Creatures
  Jessica (D:2)
  A dart slug (D:1)
  A leopard gecko (D:1)
  An orc (D:2)
  2 giant cockroaches (D:1)
  9 hobgoblins
  5 jackals
  A ball python (D:2)
  7 bats
  A frilled lizard (D:1)
  2 goblins (D:1)
  A kobold (D:1)
  3 rats
35 creatures vanquished.
